[Event "Klatovy Open-C 2024"]
[Site "Klatovy"]
[Date "2024.07.01"]
[Round "3.3"]
[White "Pokora, Lubomir"]
[Black "Kopta, Pavel"]
[Result "0-1"]
[ECO "B50"]
[WhiteElo "1857"]
[BlackElo "2193"]
[Annotator "TA"]
[PlyCount "80"]
[EventDate "2024.06.21"]
[EventType "swiss"]
[EventCountry "CZE"]
[SourceTitle "playchess.com"]
[Source "ChessBase"]
[SourceQuality "1"]
[TimeControl "40/7200:0"]

1. e4 c5 2. Nf3 d6 3. c3 Nf6 4. h3 g6 5. Bd3 Bg7 6. Bc2 O-O 7. O-O e5 8. d3 Nc6 9. Nbd2 Rb8 10. a4 {[%emt 0:01:24] The position is equal.} d5 11. Re1 Re8 12. Nf1 h6 13. Ng3 Be6 14. Bd2 Rc8 15. Re2 (15. a5 $11) 15... Kh7 16. Rb1 c4 {[%emt 0:04:42] White must now prevent ...cxd3.} 17. Be1 {[%emt 0:13:04] [#]} (17. Re3 $15) 17... Qb6 (17... cxd3 $1 $17 18. Bxd3 Qc7 19. exd5 Nxd5 (19... Bxd5 20. Bc2 $15)) 18. b4 (18. dxc4 $15 dxc4 19. Rd2) 18... cxd3 $17 {[%emt 0:04:14] Black is more active.} 19. Bxd3 dxe4 20. Nxe4 Nxe4 21. Bxe4 Bc4 (21... Qc7 $142 22. Rd2 Ne7) 22. Rd2 f5 23. Bd5 Bxd5 24. Rxd5 e4 (24... Red8 $17 25. c4 e4) 25. Nh4 $2 {[%emt 0:03:04] Black continues to play with concentration.} (25. a5 $11 Qc7 26. Rd7) 25... Ne5 $19 26. Rb5 Qf6 27. g3 Rcd8 28. Qb3 (28. Qe2 $142 b6 29. a5) 28... Qc6 29. Rc5 Qd6 30. c4 Qf6 31. a5 $2 (31. Bc3 {was called for.} Rd3 32. Rxe5 Rxe5 33. Qb2) 31... Rd3 32. Qa4 Re7 {[%emt 0:01:36] And now ...f4 would win.} 33. Qc2 Red7 34. Rc8 $2 (34. Rd5 R7xd5 35. cxd5) 34... f4 {[%emt 0:02:07] [#] aiming for ...g5. Black is clearly winning.} 35. c5 Rf7 {[%emt 0:01:45] Hoping for ...fxg3.} 36. Qe2 e3 37. gxf4 Qxh4 38. fxe5 Qg5+ 39. Qg4 Qxe5 {[%emt 0:00:15] ( -> ...exf2+)} 40. Qc4 Qf5 {[%emt 0:00:14] Weighted Error Value: White=1.15/Black=0.27 (precise) .  Loses game:     	White=1     	---        Mistake:       	White=6     	Black=3      Inaccurate:     	White=5     	Black=2      OK:         	White=3     	Black=8      Best:        	White=1     	Black=1} 0-1

[Event "Klatovy Open-C 2024"]
[Site "Klatovy"]
[Date "2024.07.01"]
[Round "3.4"]
[White "Havelka, Petr"]
[Black "Mlynek, Petr"]
[Result "1/2-1/2"]
[ECO "D13"]
[WhiteElo "1851"]
[BlackElo "1969"]
[Annotator "RC"]
[PlyCount "111"]
[EventDate "2024.06.21"]
[EventType "swiss"]
[EventCountry "CZE"]
[SourceTitle "playchess.com"]
[Source "ChessBase"]
[SourceQuality "1"]
[TimeControl "40/7200:0"]

1. d4 d5 2. c4 c6 3. cxd5 cxd5 4. Nc3 Nc6 5. Nf3 Nf6 6. Bf4 e6 7. a3 Be7 8. e3 O-O 9. Bd3 Bd7 10. O-O Nh5 11. Bg3 Nxg3 12. hxg3 f5 13. Rc1 Rc8 14. Qb3 Na5 15. Qa2 Nc4 16. Bxc4 dxc4 17. Ne5 b5 18. Rfd1 Bd6 19. f4 Bxe5 20. dxe5 Qe7 21. Rd6 Bc6 22. Rcd1 Rfd8 23. Ne2 Bd5 24. Rxd8+ Rxd8 25. Qa1 Be4 26. Nc3 a6 27. Nxe4 fxe4 28. Qb1 Rd3 29. Kf2 Qc5 30. Qc1 a5 31. b3 c3 32. Ke2 Qd5 33. g4 b4 34. axb4 Qb5 35. Kf2 axb4 36. Qa1 c2 37. Qa8+ Kf7 38. Rc1 Rd2+ 39. Kg3 Qd3 40. Qb7+ Kg6 41. Qb6 Qd5 42. Qb8 Kf7 43. Qc7+ Qd7 44. Rxc2 Qxc7 45. Rxc7+ Kf8 46. Rc4 Rd3 47. Rxb4 Rxe3+ 48. Kf2 Rc3 49. Rb7 g5 50. g3 gxf4 51. gxf4 Rf3+ 52. Ke2 Rxf4 53. Ke3 Rxg4 54. Rxh7 Rg3+ 55. Kxe4 Rxb3 56. Kf4 1/2-1/2

[Event "Klatovy Open-C 2024"]
[Site "Klatovy"]
[Date "2024.07.01"]
[Round "3.5"]
[White "Macho, Miloslav"]
[Black "Novotny, Jaroslav"]
[Result "1/2-1/2"]
[ECO "D02"]
[WhiteElo "1845"]
[BlackElo "2172"]
[Annotator "TA"]
[PlyCount "74"]
[EventDate "2024.06.21"]
[EventType "swiss"]
[EventCountry "CZE"]
[SourceTitle "playchess.com"]
[Source "ChessBase"]
[SourceQuality "1"]
[TimeControl "40/7200:0"]

1. Nf3 d5 2. e3 c5 3. d4 e6 4. Bb5+ Bd7 5. Be2 Nc6 6. O-O Nf6 7. Nbd2 cxd4 8. exd4 Bd6 9. c3 O-O 10. Re1 Rc8 11. Nf1 (11. Bd3 $142) 11... h6 (11... Ne4 $11) 12. Bd3 $14 Qc7 13. Bd2 Bf4 (13... Rfe8 $11) 14. Rc1 Bxd2 15. Qxd2 Rfd8 16. Bb1 Ne7 17. Ne5 Be8 18. Qe2 {[%emt 0:00:00] White is more active.} Rd6 19. Ng4 Nxg4 20. Qxg4 Rc6 21. Ng3 f5 22. Qf3 b5 23. a3 a5 24. Ne2 g5 {[%emt 0:00:00][%cal Ob5b4] Wards off Nf4} 25. g4 (25. Bd3 $14 Rb6 26. h4) 25... Bg6 26. Ng3 (26. Qh3 {looks sharper.} Kh7 27. f4 gxf4 28. gxf5 Bxf5 29. Bxf5+ exf5 30. Nxf4 Qxf4 31. Rxe7+ Kh8 32. Qe3) 26... Rf8 (26... fxg4 {feels hotter.} 27. Qxg4 Rf8 28. Nh5 Bxh5 29. Qxh5 Qf4) 27. gxf5 Nxf5 28. Nxf5 Bxf5 29. Bxf5 Rxf5 30. Qg3 Qf4 (30... Kf7 {with more complications.} 31. Kg2 Qf4 32. Re3 h5) 31. Qxf4 (31. Re3 {is interesting.} Kf7 32. Kg2 h5 33. Qxf4 Rxf4 34. Rce1) 31... Rxf4 $11 {[%emt 0:00:00][%mdl 4096] Endgame. KRR-KRR} 32. Re3 (32. a4 $11) 32... Kf7 (32... Rxd4 $17 {aiming for ...Rd2.} 33. cxd4 Rxc1+ 34. Kg2 Rc6 (34... Kf7 35. Rb3 $17)) 33. Kg2 {[%emt 0:00:00] [#]} (33. Ra1 $11 {remains equal.}) 33... b4 34. axb4 {[%emt 0:00:00] The position is equal.} axb4 {[%emt 0:00:00] Black wants to play ...Rg4+.} 35. Ra1 bxc3 36. bxc3 Kg6 37. Ra8 Rf6 {[%emt 0:00:00] Weighted Error Value: White=0.25 (precise) /Black=0.23 (precise) .  Mistake:       	White=4     	Black=4      Inaccurate:     	White=4     	Black=4      OK:         	White=8     	Black=4      Best:        	White=1     	Black=1} 1/2-1/2

[Event "Klatovy Open-C 2024"]
[Site "Klatovy"]
[Date "2024.07.01"]
[Round "3.6"]
[White "Zednik, Zdenek"]
[Black "Novy, Jan"]
[Result "1-0"]
[ECO "A34"]
[WhiteElo "1882"]
[BlackElo "1599"]
[Annotator "NA RC"]
[PlyCount "55"]
[EventDate "2024.06.21"]
[EventType "swiss"]
[EventCountry "CZE"]
[SourceTitle "playchess.com"]
[Source "ChessBase"]
[SourceQuality "1"]
[TimeControl "40/7200:0"]

1. Nf3 Nf6 2. c4 c5 3. Nc3 Nc6 4. g3 d6 5. Bg2 e5 6. e3 {[%emt 0:00:00] A34: Symmetrical English: 2 Nc3, lines with ...d5.} g6 7. d4 Bh6 8. dxe5 dxe5 9. Qxd8+ Kxd8 10. O-O Be6 11. Nd5 Bxd5 12. cxd5 e4 13. dxc6 exf3 14. cxb7 Rb8 15. Bxf3 Ke7 16. b3 Rhd8 17. Ba3 Nd7 18. Rac1 Kd6 19. Rfd1+ Kc7 20. b4 Bf8 21. bxc5 Ne5 22. Bg2 Nc6 23. Rxd8 $18 (23. Rd6 $142 Na5 24. Ra6) 23... Rxd8 24. Bxc6 Kxc6 25. Rb1 Rb8 26. Kf1 Rxb7 27. Rxb7 Kxb7 28. c6+ 1-0

[Event "Klatovy Open-C 2024"]
[Site "Klatovy"]
[Date "2024.07.01"]
[Round "3.7"]
[White "Kriha, Pavel"]
[Black "Berka, Lubos"]
[Result "0-1"]
[ECO "A25"]
[WhiteElo "1877"]
[BlackElo "1835"]
[Annotator "NA RC"]
[PlyCount "71"]
[EventDate "2024.06.21"]
[EventType "swiss"]
[EventCountry "CZE"]
[SourceTitle "playchess.com"]
[Source "ChessBase"]
[SourceQuality "1"]
[TimeControl "40/7200:0"]

1. c4 e5 2. Nc3 Nf6 3. g3 Nc6 4. Bg2 g6 5. Nf3 d6 6. h3 {[%emt 0:00:00] A25: English Opening vs King's Indian with ...Nc6 but without early d3.} Bg7 7. O-O O-O 8. Kh2 Nh5 9. d3 f5 10. e3 Nf6 11. a3 h6 12. Qc2 g5 13. Nd5 Nxd5 14. cxd5 Ne7 15. e4 Ng6 16. Bd2 g4 17. hxg4 f4 18. Bh3 h5 19. gxh5 Bxh3 20. Kxh3 Qd7+ 21. g4 Bf6 22. hxg6 Kg7 23. Nh2 Rh8+ 24. Kg2 Rxh2+ 25. Kf3 Bh4 26. Be1 Rh3+ ({Not} 26... Kxg6 27. Rg1 $17) 27. Ke2 Qxg4+ ({Less strong is} 27... Kxg6 28. Rg1 $17) 28. Kd2 Rc8 29. Kc3 $2 (29. Qa4 {is more resistant.} Kxg6 30. d4) 29... Qg2 (29... Kxg6 30. f3 Bxe1+ (30... Rxf3 $2 {loses.} 31. Rxf3 Qxf3 32. Bxh4 $18) 31. Raxe1 $16) 30. Bd2 Bxf2 (30... Qxg6 31. Rg1 Bg5 32. Qa4 $14) 31. Kb3 Bc5 ({Weaker is} 31... Kxg6 32. Bxf4 Qxe4 (32... exf4 33. Rxf2 Qxe4 34. Rg1+ Kh6 35. Ka2 $11) 33. Rxf2 $15) (31... Qxe4 $142 32. Qc4 Qxc4+ (32... Qxg6 33. Rxf2 Qxd3+ 34. Qxd3 $11) (32... Rxd3+ $2 33. Bc3 $19) (32... Qxd3+ $2 33. Qxd3 Rxd3+ 34. Kc2 $19) 33. Kxc4 Rh2) 32. Bb4 $2 (32. Ka2 {is tougher.} Kxg6 (32... Qxg6 33. Rad1 $15) (32... Be3 33. Qa4 $14) 33. Rae1) 32... Qxe4 33. Rad1 Bxb4 ({Weaker is} 33... Qxg6 34. Bxc5 dxc5 35. Rg1 $17) 34. axb4 Qxd5+ 35. Ka3 c5 $19 36. b3 0-1

[Event "Klatovy Open-C 2024"]
[Site "Klatovy"]
[Date "2024.07.01"]
[Round "3.8"]
[White "Korsa, Jindrich"]
[Black "Fiser, Jiri"]
[Result "1-0"]
[ECO "B06"]
[WhiteElo "2036"]
[BlackElo "2134"]
[Annotator "TA"]
[PlyCount "111"]
[EventDate "2024.06.21"]
[EventType "swiss"]
[EventCountry "CZE"]
[SourceTitle "playchess.com"]
[Source "ChessBase"]
[SourceQuality "1"]
[TimeControl "40/7200:0"]

1. e4 g6 2. Nc3 Bg7 3. g4 d6 4. Bg2 c5 5. d3 Nc6 6. h3 e6 7. Nge2 Nge7 8. Ng3 {[%emt 0:00:00] The position is equal.} Nd4 9. O-O Bd7 10. Nce2 O-O 11. c3 Nxe2+ 12. Qxe2 Rb8 13. f4 f5 14. Be3 Qc8 15. Rad1 fxg4 16. hxg4 b5 (16... Qc7 $14) 17. d4 (17. e5 $16) 17... e5 18. f5 {[%emt 0:04:53] [#] aiming for dxc5.} cxd4 19. cxd4 Nc6 20. d5 Nd4 21. Qd2 Qd8 22. Bg5 Bf6 23. Bh6 Bg7 24. Bxg7 Kxg7 25. Ne2 Nxe2+ 26. Qxe2 Qg5 27. Bf3 $2 (27. Rd3 $11) 27... Rfc8 $2 (27... gxf5 $19 28. exf5 Rxf5 (28... Bxf5 $2 29. a3 $19)) 28. Qd2 $11 (28. Qf2 {seems wilder.} Rc7 29. Qd2 Kf6 30. Qb4) 28... Qxd2 29. Rxd2 Rc4 30. Kf2 Rbc8 31. Ke3 Rc2 32. Bd1 Rxd2 33. Kxd2 {[%emt 0:00:00][%mdl 4096] Endgame. KRB-KRB} Kf6 34. Rf3 b4 {[%emt 0:01:29] Dodges Ra3} 35. Bc2 Kg5 36. Rh3 h6 (36... Kxg4 37. Rxh7 Be8 38. Rh8 $16 (38. Rxa7 gxf5 39. exf5 Rc4 $16)) 37. Bd3 Ba4 38. Rh1 a5 39. Rf1 Bd7 ({Don't play} 39... Kxg4 $6 40. Rg1+ (40. fxg6 Kg5 $11) 40... Kf3 41. Rxg6 $16 (41. fxg6 Kf2 $18)) 40. Ba6 Rc7 41. Be2 Be8 42. Rh1 Ba4 43. Bd3 {[%emt 0:01:19] Dodges Rc2+} Be8 44. Bc2 h5 ({Don't take} 44... Kxg4 45. Rxh6 Rg7 46. Rh8 $15) 45. gxh5 gxh5 46. Rg1+ Kf6 (46... Kf4 $11) 47. Rg8 $16 Bf7 48. Rd8 Ke7 (48... Kg5 $1 $11 {remains equal.}) 49. Ra8 Rc5 (49... Kf6 $1 $14) 50. Ra7+ Kf6 51. Rd7 {[%emt 0:00:00] White is more active.} h4 {[%emt 0:00:00][%cal Oc5c2] ...Rxc2+! would now be deadly.} 52. Rxd6+ Kg5 {[%emt 0:00:00][%cal Oc5c2] ...Rxc2+! is the strong threat.} 53. Rd7 Bh5 {[%emt 0:00:00] [#]} (53... Kf6 $16) 54. Rg7+ $1 $18 Kf6 55. Rg1 ({Only move:} 55. Rh7 $18 Kg5 56. Bd3) 55... h3 $2 (55... Rc8 $16 56. Rg2 h3) 56. Rg3 {[%emt 0:01:50] Weighted Error Value: White=0.22 (precise) /Black=0.33.  Loses game:     	White=1     	Black=2      Missed win:     	---       	Black=1      Mistake:       	White=2     	Black=4      Inaccurate:     	White=5     	Black=2      OK:         	White=15    	Black=20     Best:        	White=3     	Black=2      Strong:       	White=1     	---} 1-0

[Event "Klatovy Open-C 2024"]
[Site "Klatovy"]
[Date "2024.07.01"]
[Round "3.9"]
[White "Vachal, Josef"]
[Black "Turner, Radek"]
[Result "1/2-1/2"]
[ECO "B01"]
[WhiteElo "2099"]
[BlackElo "2012"]
[Annotator "TA"]
[PlyCount "64"]
[EventDate "2024.06.21"]
[EventType "swiss"]
[EventCountry "CZE"]
[SourceTitle "playchess.com"]
[Source "ChessBase"]
[SourceQuality "1"]
[TimeControl "40/7200:0"]

1. e4 d5 2. exd5 Qxd5 3. d4 Nc6 4. Be3 e5 5. Nc3 Bb4 6. a3 Bxc3+ 7. bxc3 exd4 (7... Qa5 $15 8. Nf3 Bg4) 8. cxd4 $11 Nf6 9. Nf3 Ng4 ({Black should try} 9... O-O $11) 10. Bf4 O-O {[%emt 0:03:08] [#] ...Qe4+ is the strong threat.} 11. Be2 Qd7 (11... Qe4 $11 {remains equal.} 12. Qd2 Rd8) 12. O-O $16 Ne7 13. h3 Ng6 14. Bg3 {[%emt 0:02:53] A strong pair of Bishops.} Nf6 15. Bd3 {[%emt 0:02:06] Dodges Ne4} Nd5 16. Qd2 Nde7 17. Rfe1 c6 (17... Nf5 $142) 18. c3 {[%emt 0:02:30] White is much more active. The black rooks are passive.} b6 19. Re2 (19. a4 $142) 19... Nf5 20. Bh2 a5 (20... Nfh4 $16) 21. Ne5 ({Better is} 21. Qc2 $18) 21... Nxe5 22. Rxe5 ({Reject} 22. dxe5 $6 Rd8 23. Rd1 Qe7 $14) 22... Ne7 23. Rae1 Ng6 24. Bxg6 hxg6 {[%emt 0:00:00] Black is weak on the dark squares} 25. Re7 Qd5 26. R7e5 Qc4 27. Rb1 Ra6 28. Bf4 {[%emt 0:01:30] The position is equal.} Be6 29. Qe2 Qxe2 30. Rxe2 b5 31. Bd6 Rd8 32. Bc5 a4 {[%emt 0:04:05] Black escapes into a draw.   Weighted Error Value: White=0.15 (very precise) /Black=0.19 (very precise) .  Mistake:       	White=2     	Black=5      Inaccurate:     	White=1     	Black=3      OK:         	White=9     	Black=11     Best:        	---       	Black=1} 1/2-1/2

[Event "Klatovy Open-C 2024"]
[Site "Klatovy"]
[Date "2024.07.01"]
[Round "3.10"]
[White "Malik, Zdenek"]
[Black "Ondrejat, Miroslav"]
[Result "0-1"]
[ECO "B53"]
[WhiteElo "1678"]
[BlackElo "1940"]
[Annotator "TA"]
[PlyCount "32"]
[EventDate "2024.06.21"]
[EventType "swiss"]
[EventCountry "CZE"]
[SourceTitle "playchess.com"]
[Source "ChessBase"]
[SourceQuality "1"]
[TimeControl "40/7200:0"]

1. e4 c5 2. Nf3 d6 3. d4 cxd4 4. Qxd4 Nc6 5. Bb5 Bd7 6. Bxc6 Bxc6 7. Bg5 {[%emt 0:00:00] [#]} (7. c4 $11 {keeps the balance.}) 7... h6 (7... f6 $1 $17 8. Be3 e5) 8. Be3 (8. Bh4 $11) 8... e5 $15 9. Qd3 {[%emt 0:00:30] [#] Black is slightly better.} f5 $1 10. Nfd2 (10. Qe2 $17) 10... f4 $19 11. Bd4 (11. Bxf4 {was worth a try.} exf4 12. Nc3) 11... exd4 12. Qxd4 Qf6 13. Qxf6 Nxf6 14. f3 O-O-O {[%emt 0:04:16] White must now prevent ...d5.} 15. Nc3 d5 16. e5 Re8 {[%emt 0:00:08] White did not feel at home in the position after the opening.   Weighted Error Value: White=0.62/Black=0.22 (precise) .  Mistake:       	White=3     	Black=1      Inaccurate:     	White=2     	---        OK:         	---       	Black=4      Best:        	---       	Black=2      Strong:       	---       	Black=1} 0-1

[Event "Klatovy Open-C 2024"]
[Site "Klatovy"]
[Date "2024.07.02"]
[Round "4.1"]
[White "Kopta, Pavel"]
[Black "Hlavac, Rudolf"]
[Result "1-0"]
[ECO "D25"]
[WhiteElo "2193"]
[BlackElo "1927"]
[Annotator "RC"]
[PlyCount "69"]
[EventDate "2024.06.21"]
[EventType "swiss"]
[EventCountry "CZE"]
[SourceTitle "playchess.com"]
[Source "ChessBase"]
[SourceQuality "1"]
[TimeControl "40/7200:0"]

1. d4 d5 2. c4 dxc4 3. Nf3 Nf6 4. e3 Bg4 5. Bxc4 e6 6. h3 Bh5 7. O-O Nbd7 8. Nc3 Bd6 9. e4 e5 10. Be3 O-O 11. Re1 c6 12. Be2 Bxf3 13. Bxf3 exd4 14. Bxd4 Bc5 15. e5 Ne8 16. Na4 Bxd4 17. Qxd4 Nb6 18. Qxd8 Rxd8 19. Nc5 Rb8 20. a4 a5 21. Ra3 Nc7 22. Rb3 Nca8 23. Rd1 Rfe8 24. Nd7 Nxd7 25. Rxd7 b5 26. Bxc6 bxa4 27. Rbb7 Rxb7 28. Rxb7 Rf8 29. Bxa4 g6 30. Bb3 Kg7 31. f4 h5 32. g4 hxg4 33. hxg4 Kh6 34. Kf2 Rc8 35. Rxf7 1-0

[Event "Klatovy Open-C 2024"]
[Site "Klatovy"]
[Date "2024.07.02"]
[Round "4.3"]
[White "Chalus, Karel"]
[Black "Zednik, Zdenek"]
[Result "1-0"]
[ECO "A43"]
[WhiteElo "1982"]
[BlackElo "1882"]
[Annotator "RC"]
[PlyCount "83"]
[EventDate "2024.06.21"]
[EventType "swiss"]
[EventCountry "CZE"]
[SourceTitle "playchess.com"]
[Source "ChessBase"]
[SourceQuality "1"]
[TimeControl "40/7200:0"]

1. e4 c5 2. Nc3 g6 3. d4 Bg7 4. d5 d6 5. Be3 a6 6. a4 Qa5 7. Bd2 Qc7 8. a5 Nd7 9. f4 Nh6 10. g4 b5 11. axb6 Nxb6 12. h3 f5 13. exf5 gxf5 14. g5 Nf7 15. h4 Bb7 16. Bg2 e5 17. Nge2 e4 18. Ng3 O-O 19. Nxf5 Bxc3 20. Bxc3 Nxd5 21. Ba5 Qd7 22. Bh3 Qb5 23. Bf1 Qd7 24. Qg4 Bc8 25. Bc4 Qxf5 26. Qxf5 Bxf5 27. Bxd5 Rae8 28. Bc3 Be6 29. Bxe6 Rxe6 30. f5 Ree8 31. Rxa6 Ra8 32. Rxa8 Rxa8 33. Ke2 d5 34. Bf6 Nd6 35. Rf1 Ra7 36. g6 d4 37. h5 Rd7 38. Ra1 d3+ 39. cxd3 exd3+ 40. Kd1 Rc7 41. Be5 Rc6 42. Ra7 1-0

[Event "Klatovy Open-C 2024"]
[Site "Klatovy"]
[Date "2024.07.02"]
[Round "4.4"]
[White "Berka, Lubos"]
[Black "Navratil, Jiri"]
[Result "1/2-1/2"]
[ECO "B24"]
[WhiteElo "1835"]
[BlackElo "2058"]
[Annotator "NA RC"]
[PlyCount "36"]
[EventDate "2024.06.21"]
[EventType "swiss"]
[EventCountry "CZE"]
[SourceTitle "playchess.com"]
[Source "ChessBase"]
[SourceQuality "1"]
[TimeControl "40/7200:0"]

1. e4 c5 2. Nc3 e6 3. g3 Nc6 4. Bg2 Nf6 5. d3 Be7 6. Nge2 a6 7. a4 O-O 8. O-O Rb8 9. Bf4 d6 10. h3 Bd7 11. Kh2 b5 12. axb5 axb5 13. b3 b4 14. Na4 Nh5 15. Be3 Bf6 16. Rb1 g6 17. Nf4 Nxf4 18. Bxf4 e5 1/2-1/2

[Event "Klatovy Open-C 2024"]
[Site "Klatovy"]
[Date "2024.07.02"]
[Round "4.5"]
[White "Novotny, Jaroslav"]
[Black "Korsa, Jindrich"]
[Result "1/2-1/2"]
[ECO "D02"]
[WhiteElo "2172"]
[BlackElo "2036"]
[Annotator "RC"]
[PlyCount "58"]
[EventDate "2024.06.21"]
[EventType "swiss"]
[EventCountry "CZE"]
[SourceTitle "playchess.com"]
[Source "ChessBase"]
[SourceQuality "1"]
[TimeControl "40/7200:0"]

1. d4 Nf6 2. Nf3 e6 3. Bf4 d5 4. e3 Nbd7 5. Nbd2 Nh5 6. Bg5 Be7 7. Bxe7 Qxe7 8. c4 Nhf6 9. Rc1 c6 10. Bd3 e5 11. dxe5 Nxe5 12. Nxe5 Qxe5 13. Qb3 O-O 14. O-O Ne4 15. Nf3 Qh5 16. cxd5 cxd5 17. Be2 Bg4 18. Rfd1 Be6 19. Qb4 g5 20. Rc7 g4 21. Nd4 Nxf2 22. Rf1 Qe5 23. Nxe6 fxe6 24. Qe7 Nh3+ 25. gxh3 Qxe3+ 26. Kh1 Rxf1+ 27. Bxf1 Qe4+ 28. Kg1 Qe3+ 29. Kh1 Qf3+ 1/2-1/2

[Event "Klatovy Open-C 2024"]
[Site "Klatovy"]
[Date "2024.07.02"]
[Round "4.6"]
[White "Mlynek, Petr"]
[Black "Zidu, Jan"]
[Result "1-0"]
[ECO "D08"]
[WhiteElo "1969"]
[BlackElo "1905"]
[Annotator "NA RC"]
[PlyCount "95"]
[EventDate "2024.06.21"]
[EventType "swiss"]
[EventCountry "CZE"]
[SourceTitle "playchess.com"]
[Source "ChessBase"]
[SourceQuality "1"]
[TimeControl "40/7200:0"]

1. d4 d5 2. c4 e5 3. dxe5 d4 4. Nf3 Nc6 5. a3 Nge7 6. Bf4 Ng6 7. Bg3 Bg4 8. Nbd2 a5 9. h3 Bf5 10. Nb3 Qe7 11. Nbxd4 O-O-O 12. e3 Ngxe5 13. Nxe5 Nxe5 14. Qa4 Rxd4 15. Qxa5 Nd3+ 16. Bxd3 Bxd3 17. Qa8+ Kd7 18. Qxb7 Ke8 19. Bxc7 f5 20. Rd1 Kf7 21. c5 Ba6 22. Qxa6 Rxd1+ 23. Kxd1 Qxc7 24. Qc4+ Kg6 25. b4 Be7 26. Ke2 Rd8 27. Rd1 Rxd1 28. Qe6+ Bf6 29. Kxd1 Qa7 30. Qb3 Qd7+ 31. Kc2 Qb5 32. Qd3 Qa4+ 33. Kb1 Qc6 34. f3 Qe6 35. g4 Kh6 36. gxf5 Qe5 37. Qd4 Qxf5+ 38. Qe4 Qxh3 39. Qf4+ Bg5 40. Qd6+ Bf6 41. Qf4+ Kh5 42. c6 Qf1+ 43. Kc2 Qe2+ 44. Kb3 Qd1+ 45. Kc4 Qc1+ 46. Kb5 Qxa3 47. Qf5+ Kh6 48. c7 1-0

[Event "Klatovy Open-C 2024"]
[Site "Klatovy"]
[Date "2024.07.02"]
[Round "4.7"]
[White "Ondrejat, Miroslav"]
[Black "Havelka, Petr"]
[Result "1/2-1/2"]
[ECO "D68"]
[WhiteElo "1940"]
[BlackElo "1851"]
[Annotator "RC"]
[PlyCount "188"]
[EventDate "2024.06.21"]
[EventType "swiss"]
[EventCountry "CZE"]
[SourceTitle "playchess.com"]
[Source "ChessBase"]
[SourceQuality "1"]
[TimeControl "40/7200:0"]

1. d4 d5 2. c4 e6 3. Nc3 Nf6 4. Bg5 Be7 5. e3 O-O 6. Nf3 Nbd7 7. Rc1 c6 8. Bd3 dxc4 9. Bxc4 Nd5 10. Bxe7 Qxe7 11. O-O Nxc3 12. Rxc3 e5 13. Re1 e4 14. Nd2 Nb6 15. Qc2 Re8 16. a3 Bf5 17. Bf1 Rad8 18. Rc5 Qf6 19. b4 Bg6 20. Nb3 Nd5 21. b5 cxb5 22. Bxb5 Re6 23. Bc4 Rc6 24. Bxd5 Rxd5 25. Rxc6 bxc6 26. Rc1 h5 27. Qxc6 Qxc6 28. Rxc6 Rb5 29. Rc3 f6 30. h4 Bf7 31. Nc5 Bd5 32. Rc2 Kf7 33. Kh2 Ke7 34. Kg3 g5 35. hxg5 fxg5 36. f3 exf3 37. gxf3 Rb1 38. e4 h4+ 39. Kg4 Rg1+ 40. Kf5 Bg8 41. Ke5 h3 42. Rh2 Rg3 43. Rb2 Rxf3 44. Rb7+ Kf8 45. Nd7+ Kg7 46. Nf6+ Kg6 47. Nxg8 g4 48. Ne7+ Kg5 49. Nf5 Rxf5+ 50. exf5 h2 51. Rh7 g3 52. f6 g2 53. f7 g1=Q 54. Rg7+ Kh4 55. Rxg1 hxg1=Q 56. f8=Q Qe3+ 57. Kd5 Qb3+ 58. Kc6 Qa4+ 59. Kb7 Qd7+ 60. Ka6 Qa4+ 61. Kb7 Qd7+ 62. Kb8 Kg3 63. Qg8+ Kf2 64. Qa2+ Ke3 65. Qb3+ Kf2 66. d5 Kg1 67. Qb7 Qd8+ 68. Kxa7 Qa5+ 69. Qa6 Qc7+ 70. Ka8 Qd8+ 71. Kb7 Qxd5+ 72. Qc6 Qf7+ 73. Ka6 Qf1+ 74. Kb6 Qb1+ 75. Ka7 Qh7+ 76. Qb7 Qc2 77. Qg7+ Kh2 78. Qe5+ Kg2 79. Qd6 Qa4+ 80. Kb6 Qb3+ 81. Kc7 Qf7+ 82. Kc6 Qc4+ 83. Qc5 Qa6+ 84. Kc7 Qe2 85. a4 Qg4 86. a5 Qg7+ 87. Kb6 Kh3 88. Qc8+ Kh4 89. Qc4+ Kh3 90. a6 Qf6+ 91. Ka5 Qd8+ 92. Ka4 Qd7+ 93. Kb3 Qd1+ 94. Ka3 Qd6+ 1/2-1/2

[Event "Klatovy Open-C 2024"]
[Site "Klatovy"]
[Date "2024.07.02"]
[Round "4.8"]
[White "Turner, Radek"]
[Black "Macho, Miloslav"]
[Result "1-0"]
[ECO "E09"]
[WhiteElo "2012"]
[BlackElo "1845"]
[Annotator "RC"]
[PlyCount "155"]
[EventDate "2024.06.21"]
[EventType "swiss"]
[EventCountry "CZE"]
[SourceTitle "playchess.com"]
[Source "ChessBase"]
[SourceQuality "1"]
[TimeControl "40/7200:0"]

1. c4 Nf6 2. g3 e6 3. Nf3 d5 4. Bg2 Be7 5. O-O O-O 6. d4 c6 7. Qc2 Nbd7 8. Nbd2 Re8 9. b3 Nf8 10. Bb2 Rb8 11. Rfd1 Ng6 12. e4 Bf8 13. Rac1 Ne7 14. Ne5 Nd7 15. Ndf3 f6 16. Nxd7 Bxd7 17. Ne1 Rc8 18. Nd3 b6 19. Qe2 Ng6 20. f4 c5 21. e5 dxc4 22. Rxc4 Bb5 23. Rcc1 fxe5 24. dxe5 Qe7 25. Ba3 Qf7 26. Qe1 Red8 27. Nf2 Qe8 28. Ne4 Rxd1 29. Rxd1 Rd8 30. Nd6 Bxd6 31. Rxd6 Rd7 32. Bh3 Nf8 33. Bb2 Qh5 34. Bg2 Qg4 35. h3 Qf5 36. Bc3 Qc2 37. a4 Ba6 38. Rxd7 Nxd7 39. Qd2 Qb1+ 40. Kh2 Nf8 41. b4 Bf1 42. Bc6 c4 43. b5 Qf5 44. g4 Qf7 45. Kg3 Bd3 46. Bb4 Nd7 47. Qe3 Nf8 48. Qd4 h5 49. Qd8 hxg4 50. hxg4 g6 51. Be8 Qg7 52. Qc8 g5 53. Bh5 gxf4+ 54. Kxf4 Qh6+ 55. Kf3 Qg7 56. g5 Bf1 57. Bg4 Qf7+ 58. Ke3 Kg7 59. Qxf8+ Qxf8 60. Bxf8+ Kxf8 61. Bxe6 Ke7 62. Bd5 c3 63. Bb3 a6 64. bxa6 Bxa6 65. Kd4 b5 66. axb5 Bxb5 67. Kxc3 Be8 68. Kd4 Bg6 69. Bd5 Bh7 70. Be4 Bg8 71. Bf5 Ba2 72. Ke4 Bb1+ 73. Kf4 Ba2 74. g6 Bb3 75. Kg5 Kf8 76. Kf6 Bf7 77. g7+ Ke8 78. Bd7+ 1-0